 Dungeon Crawl Stone Soup version 0.25.0-15-gac7dcb8919 (webtiles) character file.

Game seed: 3341182242897066260

264 nikku the Ruffian (level 5, 0/53 HPs)
             Began as a Troll Monk on June 29, 2020.
             Slain by a wight
             ... wielding a cursed +2 vorpal battleaxe
              (3 damage)
             ... in a sewer.
             The game lasted 00:10:20 (2318 turns).

nikku the Ruffian (Troll Monk)                      Turns: 2318, Time: 00:10:20

Health: 0/53       AC:  8    Str: 20    XL:     5   Next: 98%
Magic:  4/4        EV:  7    Int:  6    God:
Gold:   102        SH:  7    Dex: 12    Spells: 4/4 levels left

rFire    . . .     SeeInvis .     - Unarmed
rCold    . . .     Gourm    +   d - +0 kite shield
rNeg     . . .     Faith    .   a - +0 robe
rPois    .         Spirit   .   (helmet restricted)
rElec    .         Reflect  .   l - +1 cloak
rCorr    .         Harm     .   (gloves unavailable)
MR       .....                  (boots unavailable)
Stlth    +.........             (no amulet)
HPRegen  0.57/turn              (no ring)
MPRegen  0.09/turn              (no ring)

@: drained
A: large, unfitting armour, claws 3, fast metabolism 3, gourmand, regeneration
1, shaggy fur 1, tough skin 3
a: no special abilities


You were in a sewer.
You were completely stuffed.

You visited 1 branch of the dungeon, and saw 3 of its levels.
You also visited: Sewer.

You collected 102 gold pieces.

Inventory:

Missiles
 f - 7 poisoned darts (quivered)
 k - 3 boomerangs
Armour
 a - a +0 robe (worn)
 d - a +0 kite shield (worn)
 l - a +1 cloak (worn)
Jewellery
 i - a +4 ring of protection {unknown}
Wands
 m - a wand of polymorph (9)
Scrolls
 e - a scroll of identify
Potions
 g - 2 potions of curing
 h - a potion of haste {unknown}
 j - a potion of degeneration {unknown}
Comestibles
 b - 5 rations


   Skills:
 + Level 3.3(2.5) Fighting
 - Level 1.3(0.5) Armour
 + Level 2.8(2.0) Dodging
 - Level 1.0(0.2) Stealth
 + Level 1.6(0.9) Shields
 * Level 4.9(4.0) Unarmed Combat


You had 4 spell levels left.
You didn't know any spells.
Your spell library was empty.

Dungeon Overview and Level Annotations

Branches:
Dungeon (3/15)              Sewer (1/1)

Altars:
Uskayaw


Innate Abilities, Weirdness & Mutations

You are too large for most types of armour.
You have claws for hands.
Your metabolism is lightning-fast.
You like to eat raw meat.
Your natural rate of healing is unusually fast.
You are covered in fur. (AC +1)
You have extremely tough skin. (AC +3)


Message History

Things that are here:
a +0 dagger; a kobold corpse You claw the kobold!
You kill the kobold!
You block the kobold's attack.
You are too injured to fight recklessly!
You are too injured to fight recklessly!
You claw the kobold!
You kill the kobold!
You block the wight's attack. You block the kobold zombie's attack.
You block the kobold zombie's attack.
Things that are here:
a +0 whip; a stone; a kobold corpse You barely miss the wight.
The wight hits you with a cursed +2 vorpal battleaxe!
* * * LOW HITPOINT WARNING * * *
x2 The kobold zombie hits you but does no damage.
You closely miss the wight.
The wight hits you with a cursed +2 vorpal battleaxe.
You die...

####################
#≈≈.+.≈≈≈≈≈≈≈≈≈≈≈≈≈≈
#≈≈.#.≈≈≈≈≈≈≈≈≈≈≈≈≈≈
#≈≈.#.≈≈≈≈≈≈≈≈≈≈≈≈≈≈
#≈≈.#.≈≈≈≈≈≈≈≈≈≈≈≈≈≈ ##+++
#≈≈)#..≈≈≈≈≈≈≈≈≈≈≈≈≈ #.....
#≈≈.#...≈≈≈≈≈≈≈≈≈≈≈≈
...⌠..###.####.###≈##≈##≈##
.⌠.....#..@#≈≈...).........
..._.⌠.'(Zz(≈≈≈....(.((....
.⌠.....#...#≈≈...).........
...⌠..###.####.#≈###≈≈#≈###
#..... #≈≈.#...≈≈≈≈≈≈≈≈≈≈≈
##+++ #≈≈.#..≈≈≈≈≈≈≈≈≈≈≈≈≈
#≈≈.#.≈≈≈≈≈≈≈≈≈≈≈≈≈≈
#≈≈.#.≈≈≈≈≈≈≈≈≈≈≈≈≈≈
#≈≈.#..≈≈≈≈≈≈≈≈≈≈≈≈≈


You could see a wight and a kobold zombie.

Vanquished Creatures
  A hound (D:3)
  Crazy Yiuf (D:3)
  Terence (D:2)
  2 big kobold zombies (Sewer)
  2 adders (D:2)
  A shadow imp (Sewer)
  An ufetubus (Sewer)
  2 oozes
  A worm (D:2)
  3 dart slugs
  4 leopard geckos
  An orc (D:3)
  4 ball pythons
  7 giant cockroaches
  10 goblins
  9 hobgoblins
  3 jackals (D:1)
  20 kobolds
  A quokka (D:3)
  9 bats
  4 frilled lizards
  A kobold zombie (Sewer)
  3 rats
91 creatures vanquished.

Notes
Turn   | Place    | Note
-------+----------+-------------------------------------------
     0 | D:1      | nikku the Troll Monk began the quest for the Orb.
     0 | D:1      | Reached XP level 1. HP: 22/22 MP: 0/0
   175 | D:1      | Reached XP level 2. HP: 29/29 MP: 1/1
   431 | D:1      | Reached XP level 3. HP: 36/36 MP: 2/2
   765 | D:1      | Reached skill level 1 in Armour
  1092 | D:2      | Noticed Terence
  1102 | D:2      | Killed Terence
  1102 | D:2      | Reached skill level 4 in Unarmed Combat
  1102 | D:2      | Reached XP level 4. HP: 34/44 MP: 3/3
  1265 | D:2      | Reached skill level 1 in Shields
  1454 | D:2      | Found a hide-covered altar of Uskayaw.
  1729 | D:3      | Reached XP level 5. HP: 50/53 MP: 4/4
  1825 | D:3      | Found a runed translucent door.
  1826 | D:3      | Noticed Crazy Yiuf
  1836 | D:3      | Killed Crazy Yiuf
  2041 | D:3      | Found a glowing drain.
  2064 | Sewer    | Entered a sewer
  2291 | Sewer    | Found an ancient bone altar of Kikubaaqudgha.
  2318 | Sewer    | Slain by a wight

Illustrated notes

Levels and vault maps discovered:
D:1:      dpeg_arrival_line_fractal, layout_basic, bh_walls_and_bars
D:2:      layout_loops_ring, lemuel_coloured_pillars_altar, first_ration,
          uniq_terence
D:3:      layout_loops_ring, nicolae_tso_carved_into_rock, portal_sewer_entry_f,
          uniq_crazy_yiuf_cottage
Sewer:    kennysheep_sewer_church

Skill      XL: |  1  2  3  4 |
---------------+-------------+-----
Armour         | 1 |  1.3
Unarmed Combat | 4 |  4.9
Shields        | 1 |  1.6
Fighting       | 3 |  3.3
Dodging        | |  2.8
Stealth        | |  1.0

Action                   |  1- 3 |  4- 6 || total
-------------------------+-------+-------++-------
Melee: Unarmed           |   101 |   176 ||   277
Throw: Dart              |     4 |    27 ||    31
  Use: Scroll            |       |     3 ||     3
 Stab: Sleeping          |       |     2 ||     2
  Eat: Chunk             |    16 |    11 ||    27
Armor: Robe              |    29 |    72 ||   101
Dodge: Dodged            |    29 |    64 ||    93
Block: Kite shield       |    26 |    74 ||   100
